 Dungeon Crawl Stone Soup version 0.31-a0-198-g2ad674f65e (webtiles) character file.

Game seed: 15571968100907932885

25 qw the Shooter (level 2, 0/16 HPs)
             Began as a Deep Elf Hunter on June 25, 2023.
             Slain by a hobgoblin (1 damage)
             ... led by Robin
             ... on level 2 of the Dungeon.
             The game lasted 00:00:15 (612 turns).

qw the Shooter (Deep Elf Hunter)                     Turns: 612, Time: 00:00:16

Health: 0/16       AC:  3    Str:  8    XL:     2   Next: 82%
Magic:  4/4        EV: 12    Int: 13    God:
Gold:   54         SH:  0    Dex: 18    Spells: 1/1 levels left

rFire   . . .        Y - +0 shortbow
rCold   . . .        (shield currently unavailable)
rNeg    . . .        c - +0 leather armour
rPois   .            (no helmet)
rElec   .            (no cloak)
rCorr   .            (no gloves)
SInv    .            (no boots)
Will    .....        (no amulet)
Stlth   ++           (no ring)
HPRegen 0.22/turn    (no ring)
MPRegen 0.09/turn

%: no passive effects
@: no status effects
A: no striking features
a: no special abilities


You were on level 2 of the Dungeon.
You visited 1 branch of the dungeon, and saw 2 of its levels.

You collected 54 gold pieces.


   Skills:
 - Level 1.5 Fighting
 + Level 6.5 Ranged Weapons
 - Level 2.4 Dodging
 - Level 1.2 Stealth


You had one spell level left.
You didn't know any spells.
Your spell library was empty.

Inventory:

Hand Weapons
 Y - a +0 shortbow (weapon)
Armour
 c - a +0 leather armour (worn)
Potions
 a - a potion of mutation {unknown}
 d - a potion of heal wounds
 h - a potion of attraction {unknown}
 j - a potion of resistance {unknown}

Dungeon Overview and Level Annotations

Branches:
Dungeon (2/15)

Altars:

Shops:
D:1 :

Annotations:
D:2 Robin


Message History

A ball python is nearby!
583 ||| DRINKING 2 blue potions.
It was a potion of heal wounds.
You feel much better.
A ball python is nearby!
A ball python is nearby!
A ball python comes into view.
The ball python hisses angrily.
You shoot an arrow.
The arrow hits the ball python but does no damage.
You shoot an arrow. The arrow hits the ball python!
You kill the ball python!
Robin, a hobgoblin and 4 goblins come into view.
Robin shouts!
The goblin shouts!
The hobgoblin shouts!
The goblin shouts!
A goblin comes into view. It is wielding a +0 dagger.
Robin roars a battlecry!
The goblins go into a battle-frenzy!
The goblin shouts!
You shoot an arrow. The arrow barely misses the goblin.
Robin throws the goblin at you!
You shoot an arrow. The arrow barely misses the goblin.
The goblin shouts!
You hear a shout!
A goblin comes into view. It is wielding a +0 club.
The goblin misses you.
You shoot an arrow. The arrow closely misses the goblin.
The goblin shouts!
Robin throws the goblin at you! The goblin hits you with a +0 club.
A goblin comes into view. It is wielding a +0 dagger.
The goblin barely misses you.
You shoot an arrow. The goblin shouts!
The arrow hits the goblin!
You kill the goblin!
The goblin closely misses you.
A hobgoblin comes into view.
The goblin hits you with a +0 club. Robin throws the goblin at you!
You shoot an arrow. The arrow closely misses the hobgoblin.
The goblin hits you with a +0 club. The goblin misses you.
The hobgoblin hits you.
You die...

#### ###.# #....#
.#. #.... #....#
..##.#.. # #....#
#.#....# #.# #...%+
#.#..#.# ...##...#
#...##.# .......+
######.#
#gg.#############.#
#g@...............#
#g######......#####
#g #.###### gg #.#
..g #.# ##.. #.#


#gg ..# #.. ### You could see Robin, 2 hobgoblins and 7 goblins.

Vanquished Creatures
  An adder (D:2)
  2 dart slugs (D:1)
  2 ball pythons
  An endoplasm (D:1)
  A giant cockroach (D:1)
  2 goblins
  A kobold (D:1)
  2 bats (D:1)
12 creatures vanquished.

Notes
Turn   | Place    | Note
-------+----------+-------------------------------------------
     0 | D:1      | qw the Deep Elf Hunter began the quest for the Orb.
     0 | D:1      | Reached XP level 1. HP: 12/12 MP: 3/3
     0 | D:1      | 0 ||| qw: Version: 0.3-a-22-g0ed2b0b
     0 | D:1      | 0 ||| qw: Game counter: 5232
     0 | D:1      | 0 ||| qw: Melee chars always use a shield: true
     0 | D:1      | 0 ||| qw: God list: Okawaru
     0 | D:1      | 0 ||| qw: Allow faded altars: false
     0 | D:1      | 0 ||| qw: Do Orc after clearing Dungeon:15 true
     0 | D:1      | 0 ||| qw: Do second Lair branch before Depths: true
     0 | D:1      | 0 ||| qw: Lair rune preference: random
     0 | D:1      | 0 ||| qw: Goals: Normal
     0 | D:1      | 0 ||| PLANNING D:1-11
   170 | D:1      | Reached skill level 6 in Ranged Weapons
   170 | D:1      | Reached XP level 2. HP: 16/16 MP: 4/4
   174 | D:1      | Found Zivadakk's Vocational Training.
   457 | D:1      | 457 ||| DROPPING +6 ring of intelligence.
   458 | D:1      | 458 ||| READING scroll labelled JIGIAX JAKAHUEBITA.
   459 | D:1      | 459 ||| READING scroll labelled INOREL GOINO.
   460 | D:1      | 460 ||| READING scroll labelled EGGAUS COCWUWK.
   461 | D:1      | 461 ||| DROPPING scroll of butterflies.
   583 | D:2      | 583 ||| DRINKING 2 blue potions.
   607 | D:2      | Noticed Robin
   612 | D:2      | HP: 1/16 [goblin/+0 club[Robin] (6)]
   612 | D:2      | Slain by a hobgoblin

Levels and vault maps discovered:
D:1:      dpeg_arrival_signposts, layout_rooms, nicolae_shop_vocational
D:2:      minmay_skewed_foursquare, layout_basic, uniq_robin

Skill      XL: |  1 |
---------------+----+-----
Ranged Weapons | 6 |  6.5
Fighting       | |  1.5
Dodging        | |  2.4
Stealth        | |  1.2

Action                     || total
---------------------------++-------
   Fire: Shortbow          ||    46
    Use: Scroll            ||     3
         Potion            ||     1
 Armour: Leather armour    ||     5
  Dodge: Dodged            ||    14

Table legend:
 A = Non-vault XP
 B = Vault XP
 C = Vault XP percentage of total XP
 D = Non-vault monster count
 E = Vault monster count
 F = Vault count percentage of total count
                 A         B        C        D         E       F
            +---------+---------+-------+---------+---------+-------
      Total |      34 |       2 |   5.6 |      11 |       1 |   8.3
            +---------+---------+-------+---------+---------+-------
        D:1 |      20 |       0 |   0.0 |       9 |       0 |   0.0
        D:2 |      14 |       2 |  12.5 |       2 |       1 |  33.3
            +---------+---------+-------+---------+---------+-------
